 Dungeon Crawl Stone Soup version 0.29-a0-322-g68df515428 (webtiles) character file.

Game seed: 10383051812440873864

54 domi the Magician (level 3, 0/24 HPs)
             Began as a Demonspawn Hedge Wizard on Apr 6, 2022.
             Slain by a gnoll
             ... wielding a +0 halberd
              (7 damage)
             ... on level 3 of the Dungeon.
             The game lasted 00:06:00 (2499 turns).

domi the Magician (Demonspawn Hedge Wizard)         Turns: 2499, Time: 00:06:00

Health: 0/24       AC:  2    Str: 10    XL:     3   Next: 66%
Magic:  3/8        EV: 12    Int: 17    God:
Gold:   157        SH:  4    Dex: 12    Spells: 1/9 levels left

rFire   . . .      SeeInvis .   r - +1 dagger (venom)
rCold   . . .      Faith    .   (no shield)
rNeg    . . .      Spirit   .   b - +0 robe
rPois   .          Reflect  .   c - +0 hat
rElec   .          Harm     .   (no cloak)
rCorr   .          Rampage  .   (no gloves)
Will    .....                   (no boots)
Stlth   ++........              (no amulet)
HPRegen 0.08/turn               (no ring)
MPRegen 0.11/turn               (no ring)

@: no status effects
A: condensation shield
a: no special abilities


You were on level 3 of the Dungeon.
You visited 1 branch of the dungeon, and saw 3 of its levels.

You collected 157 gold pieces.

Inventory:

Hand Weapons
 a - a +0 dagger
 r - a +1 dagger of venom (weapon)
   (You found it on level 3 of the Dungeon)
 s - the +3 whip "Ceuxull" {antimagic, rPois Str-2 SInv}
   (You found it on level 3 of the Dungeon)

   It reduces the magical energy of the wielder, and disrupts the spells and
   magical abilities of those it strikes.
   Natural abilities and divine invocations are not affected.
   Str:       It affects your strength (-2).
   rPois:     It protects you from poison.
   SInv:      It lets you see invisible.
Armour
 b - a +0 robe (worn)
 c - a +0 hat (worn)
 u - a +0 cloak
   (You found it on level 3 of the Dungeon)
Scrolls
 e - a scroll of enchant weapon {unknown}
 g - 5 scrolls of identify {unknown}
 h - a scroll of magic mapping {unknown}
 i - 3 scrolls of teleportation {unknown}
 j - a scroll of fear {unknown}
 m - a scroll of acquirement {unknown}
 t - a scroll of blinking {unknown}
Potions
 d - 2 potions of magic
 f - a potion of curing {unknown}
 k - a potion of haste {unknown}
 l - a potion of flight {unknown}
 n - a potion of lignification {unknown}
 o - 2 potions of brilliance {unknown}
 p - a potion of attraction {unknown}
 q - 2 potions of invisibility {unknown}


   Skills:
 - Level 1.7 Dodging
 - Level 1.7 Stealth
 + Level 3.5 Spellcasting
 * Level 3.0 Conjurations
 - Level 1.0 Summonings
 - Level 0.8 Translocations


You had one spell level left.
You knew the following spells:

 Your Spells              Type           Power      Damage    Failure   Level
b - Blink                 Tloc           10%        N/A       19%         2
c - Mephitic Cloud        Conj/Pois/Air  6%         N/A       32%         3
x - Call Imp              Summ           6%         N/A       17%         2
z - Magic Dart            Conj           52%        1d5       4%          1

Your spell library contained the following spells:

 Spells                   Type           Power      Damage    Failure   Level
 Slow                     Hex            8%         N/A       17%         1
 Conjure Flame            Conj/Fire      8%         6-21      26%         3
 Ignite Poison            Fire/Tmut/Pois 2%         N/A       45%         3
 Sticky Flame             Conj/Fire      8%         2d3       65%         4


Dungeon Overview and Level Annotations

Branches:
Dungeon (3/15)

Altars:
Xom

Annotations:
D:3 2 transporters, qwertyui's ghost, weakling GrFi


Innate Abilities, Weirdness & Mutations

A meltable shield of frost defends you. (SH +4)


Message History

Aim: a bat (asleep, 100% to hit)
The magic dart hits the bat.
You now have 6/7 mp.
Aim: a bat (moderately wounded, 100% to hit)
The magic dart hits the bat.
Aim: a bat (severely wounded, 100% to hit)
The magic dart hits the bat but does no damage.
The bat barely misses you.
You now have 4/7 mp.
Aim: a bat (severely wounded, 100% to hit)
The magic dart hits the bat.
You kill the bat!
You can't see any susceptible monsters within range! (Use Z to cast anyway.)
You now have 3/8 mp.
You can't see any susceptible monsters within range! (Use Z to cast anyway.)
You can't see any susceptible monsters within range! (Use Z to cast anyway.)
You see here a +1 dagger of venom.
r - a +1 dagger of venom Your +1 dagger of venom begins to drip with poison!
r - a +1 dagger of venom (weapon)
s - the +3 whip "Ceuxull" {antimagic, rPois Str-2 SInv}
Okay, then.
You now have 139 gold pieces (gained 14).
t - a scroll labelled HILERU ESUA MP restored: 8 A hobgoblin comes into view.
The hobgoblin shouts!
A hobgoblin is nearby!
A hobgoblin is nearby!
A hobgoblin is nearby!
A hobgoblin is nearby!
A hobgoblin is nearby!
Aim: a hobgoblin (100% to hit)
The magic dart hits the hobgoblin.
You now have 7/8 mp.
Aim: a hobgoblin (lightly wounded, 100% to hit)
The magic dart hits the hobgoblin.
Aim: a hobgoblin (severely wounded, 100% to hit)
The magic dart hits the hobgoblin.
You kill the hobgoblin!
You now have 5/8 mp.
You can't see any susceptible monsters within range! (Use Z to cast anyway.)
You can't see any susceptible monsters within range! (Use Z to cast anyway.)
You can't see any susceptible monsters within range! (Use Z to cast anyway.)
You can't see any susceptible monsters within range! (Use Z to cast anyway.)
You now have 153 gold pieces (gained 14).
You now have 157 gold pieces (gained 4).
The quasit gives a chilling moan.
You hear a chilling moan.
u - a +0 cloak MP restored: 8 A gnoll comes into view.
It is wielding a +0 halberd.
The quasit gives a chilling moan.
The gnoll shouts!
You hear a chilling moan.
A gnoll comes into view. It is wielding a +0 club.
There are monsters nearby!
There are monsters nearby!
There are monsters nearby!
There are monsters nearby!
A gnoll comes into view. It is wielding a +0 club.
The gnoll shouts! x2
A gnoll comes into view. It is wielding a +0 spear.
The gnoll barely misses you.
The gnoll shouts!
You hit the gnoll. The gnoll hits you with a +0 halberd!
Ouch! That really hurt!
You take 13 damage, and have 11/24 hp.
MASSIVE DAMAGE!!
The gnoll attacks as you move away! The gnoll closely misses you.
The gnoll hits you from afar with a +0 halberd.
You take 1 damage, and have 10/24 hp.
Unknown command.
The gnoll attacks as you move away! The gnoll hits you with a +0 club.
You take 1 damage, and have 9/24 hp.
The gnoll attacks as you move away! The gnoll barely misses you.
The gnoll attacks as you move away! The gnoll hits you with a +0 club.
* * * LOW HITPOINT WARNING * * *
You take 5 damage, and have 4/24 hp.
MASSIVE DAMAGE!!
You blink.
You now have 6/8 mp.
The spell is extremely dangerous to miscast (32% risk of failure)!
Continue anyway?
You miscast Mephitic Cloud.
You are very lightly contaminated with residual magic.
Nothing appears to happen.
You now have 3/8 mp.
You feel stable enough to blink again.
Your magical contamination has completely faded away.
Unknown command.
Found a stone staircase leading down.
The spell is extremely dangerous to miscast (32% risk of failure)!
Continue anyway?
Aim: a gnoll, wielding a +0 club (chance to affect: 91%)
The ball explodes into a vile cloud!
The stinking cloud engulfs the gnoll but does no damage. x2
The gnoll is engulfed in noxious fumes.
The gnoll appears confused.
The gnoll is engulfed in noxious fumes.
The gnoll appears confused.
You now have 3/8 mp.
The gnoll is engulfed in noxious fumes.
The gnoll appears confused.
The gnoll hits the gnoll with a +0 club.
The gnoll is engulfed in noxious fumes.
The gnoll appears confused.
The gnoll hits you with a +0 halberd!
You die...

... #.....g...©#?=.© #.#
... ##..........#)#..
##.## ...
#......###.##.#...#
#©g.###+ ... #.........g#
.# #..##g..... ...
#..........# .
#..5#.##... ...
#.........g## #....##.#
... ... #.........g.#
.... #..# .. ###
#........○g○## #####....#
..
#.........○@.###........#
.
#......#####............#
+ ######## #..##........#
##.##........#
#..#........#
##.#!........ .. #.. ..#


You could see 4 gnolls.

Vanquished Creatures
  2 adders (D:2)
  A dart slug (D:2)
  A ball python (D:1)
  4 bats
  4 endoplasms
  A giant cockroach (D:1)
  5 goblins
  2 hobgoblins
  A quokka (D:1)
  2 frilled lizards
  5 kobolds
  3 rats (D:1)
31 creatures vanquished.

Vanquished Creatures (others)
  5 toadstools (D:1)
5 creatures vanquished.

Grand Total: 36 creatures vanquished

Notes
Turn   | Place    | Note
-------+----------+-------------------------------------------
     0 | D:1      | domi the Demonspawn Hedge Wizard began the quest for the
                  | Orb.
     0 | D:1      | Reached XP level 1. HP: 13/13 MP: 4/4
   331 | D:1      | Gained mutation: A meltable shield of frost defends you.
                  | (SH +4) [demonic ancestry]
   331 | D:1      | Reached XP level 2. HP: 19/19 MP: 3/6
   591 | D:1      | Reached skill level 2 in Conjurations
   911 | D:1      | Learned a level 2 spell: Call Imp
   914 | D:1      | Learned a level 2 spell: Blink
  1449 | D:2      | Noticed a golden eye
  1452 | D:2      | Found a faded altar of an unknown god.
  1484 | D:2      | Noticed a golden eye
  1484 | D:2      | Noticed a shining eye
  1484 | D:2      | Noticed a shining eye
  1492 | D:2      | Reached XP level 3. HP: 24/24 MP: 1/7
  1598 | D:2      | Learned a level 3 spell: Mephitic Cloud
  1797 | D:2      | Found a shimmering altar of Xom.
  1930 | D:2      | HP: 6/24 [iguana (2)]
  2202 | D:3      | Reached skill level 3 in Conjurations
  2325 | D:3      | Identified the +3 whip "Ceuxull" {antimagic, rPois Str-2
                  | SInv}
  2429 | D:3      | Noticed qwertyui's ghost (weakling GrFi)
  2452 | D:3      | Found a transporter.
  2464 | D:3      | HP: 4/24 [gnoll/+0 club (5)]
  2478 | D:3      | Found a transporter.
  2499 | D:3      | Slain by a gnoll

Illustrated notes

Levels and vault maps discovered:
D:1:      ldierk_walled_garden, layout_loops_ring,
          corexii_item_surrounded_by_moat
D:2:      layout_loops_ring, basic_altar, hellmonk_ecumenical_altar_watching_god
D:3:      layout_basic, gammafunk_ghost_stat_death, minmay_shallow_snake_nest

Skill      XL: |  1  2  3 |
---------------+----------+-----
Conjurations   | 2 3 |  3.0
Dodging        | |  1.7
Stealth        | |  1.7
Spellcasting   | |  3.5
Summonings     | |  1.0
Translocations | |  0.8

Action                   || total
-------------------------++-------
Melee: Dagger            ||     6
 Cast: Magic Dart        ||    94
       Blink             ||     2
       Mephitic Cloud    ||     1
Armor: Robe              ||    10
Dodge: Dodged            ||    22
Block: Other             ||     3

Table legend: (Time is in decaauts)
 A = Elapsed time spent in this place.
 B = Non-inter-level travel time spent in this place.
 C = Inter-level travel time spent in this place.
 D = Time resting spent in this place.
 E = Time spent auto-exploring this place.
 F = Levels seen in this place.
 G = Mean time per level.
                   A        B        C        D        E       F      G
               +--------+--------+--------+--------+--------+-----+--------+
         Total |   2499 |   2468 |     31 |    511 |   1693 |   3 |  833.0 |
       Dungeon |   2499 |   2468 |     31 |    511 |   1693 |   3 |  833.0 |
               +--------+--------+--------+--------+--------+-----+--------+

Top non-repeatable levels by time:
     D:1: 1436 daAuts
     D:3: 553 daAuts
     D:2: 509 daAuts

Table legend:
 A = Kills in this place as a percentage of kills in entire the game.
 B = Kills by you in this place as a percentage of kills by you in the entire game.
 C = Kills by friends in this place as a percentage of kills by friends in the entire game.
 D = Other kills in this place as a percentage of other kills in the entire game.
 E = Experience gained in this place as a percentage of experience gained in the entire game.
 F = Experience gained in this place divided by the number of levels of this place that you have seen.
                   A       B       C       D       E      F
               +-------+-------+-------+-------+-------+----------------------
         Total | 100.0 | 100.0 |   N/A |   N/A | 100.0 |  26.0
       Dungeon | 100.0 | 100.0 |   N/A |   N/A | 100.0 |  26.0
               +-------+-------+-------+-------+-------+----------------------
